 Dungeon Crawl Stone Soup version 0.31-a0-174-g85c54bcb58 (webtiles) character file.

Game seed: 9058235488539703348

518 qw the Shooter (level 7, -1/64 HPs)
             Began as a Naga Hunter on June 15, 2023.
             Slain by a cerulean imp
             ... wielding a +1 spear
             ... summoned by Natasha
              (3 damage)
             ... on level 4 of the Dungeon.
             The game lasted 00:01:15 (3481 turns).

qw the Shooter (Naga Hunter)                        Turns: 3481, Time: 00:01:16

Health: -1/64      AC:  4    Str: 13    XL:     7   Next: 21%
Magic:  7/7        EV: 10    Int:  9    God:
Gold:   5          SH:  0    Dex: 17    Spells: 6/6 levels left

rFire   . . .        Y - +1 shortbow
rCold   . . .        (shield currently unavailable)
rNeg    . . .        c - +0 leather armour
rPois   +            i - +0 helmet
rElec   .            (no cloak)
rCorr   .            (no gloves)
SInv    +            (no barding)
Will    .....        (no amulet)
Stlth   ++           (no ring)
HPRegen 0.30/turn    (no ring)
MPRegen 0.10/turn

%: no passive effects
@: short of breath, slowed, very slow
A: AC +2, large, see invisible, deformed body, poison resistance, slowness 2,
spit poison 1, naga tail 1
a: Spit Poison


You were on level 4 of the Dungeon.
You visited 1 branch of the dungeon, and saw 4 of its levels.

You collected 215 gold pieces.
You spent 210 gold pieces at shops.


Innate Abilities, Weirdness & Mutations

Your serpentine skin is tough. (AC +2)
You have supernaturally acute eyesight. (SInv)
Armour fits poorly on your strangely shaped body.
Your system is resistant to poisons. (rPois)
You cover ground very slowly.
You can spit poison.
You have a snake-like lower body.


   Skills:
 - Level 4.0 Fighting
 + Level 6.8 Ranged Weapons
 - Level 2.0 Dodging
 - Level 1.5 Stealth


You had 6 spell levels left.
You didn't know any spells.
Your spell library was empty.

Inventory:

Hand Weapons
 Y - a +1 shortbow (weapon)
Armour
 c - a +0 leather armour (worn)
 d - a scarf of repulsion
 i - a +0 helmet (worn)
Scrolls
 b - a scroll of poison {unknown}
 g - 2 scrolls of identify
Potions
 a - a potion of heal wounds {unknown}
 e - a potion of haste {unknown}
 f - a potion of ambrosia {unknown}

Dungeon Overview and Level Annotations

Branches:
Dungeon (4/15)
 Temple: D:4-7

Altars:

Shops:
D:3 *   D:4 [

Annotations:
D:1 1 transporter
D:3 1 runed translucent door, Crazy Yiuf
D:4 Natasha


Message History

Aiming: Spit Poison (1% risk of failure)
Press: ? - help, Shift-Dir - straight line, f - Natasha The splash of poison hits Natasha.
Natasha is heavily wounded.
The cerulean imp closely misses you. Natasha claws you.
The cerulean imp closely misses you. The cerulean imp misses you.
You shoot an arrow. The arrow barely misses Natasha.
Natasha claws you.
The cerulean imp hits you from afar with a +0 spear.
The cerulean imp misses you. Natasha closely misses you.
The cerulean imp completely misses you.
You shoot an arrow.
The arrow hits Natasha but does no damage.
Natasha is heavily wounded.
The cerulean imp hits you with a +0 spear.
Natasha misses you. The cerulean imp misses you.
The cerulean imp barely misses you.
You shoot an arrow. The arrow hits Natasha.
Natasha is almost dead.
Natasha stares at you and mumbles some strange words.
You easily resist.
The cerulean imp hits you from afar with a +0 spear.
The cerulean imp barely misses you.
Natasha mumbles some strange words.
The cerulean imp barely misses you.
You shoot an arrow. The arrow misses Natasha.
You have got your breath back.
The cerulean imp disappears in a puff of smoke!
Natasha barely misses you.
The cerulean imp hits you from afar with a +0 spear.
The cerulean imp hits you with a +1 spear.
Natasha stares at you and mumbles some strange words.
The magic dart hits you.
The cerulean imp hits you but does no damage.
3481 ||| INVOKING Spit Poison.
Aiming: Spit Poison (1% risk of failure)
Press: ? - help, Shift-Dir - straight line, f/p - Natasha The splash of poison misses Natasha.
The cerulean imp hits you with a +1 spear.
You die...

....# ..<)# ... ....# ...
....# .. ... ###### ### ....#
#.# ..# ####....####.# ....#
.. #.# #......###...# ....#
#..#.####)#..### #...# ....#
#..#h#....#.## ##.... ....#
##..5ยค@......#####..###
##### ##..##%#5.....#.....##
# .####.
#........####...###.# ......
#...###.#####..#.###.# .....#
#.. ##..###..##.....#
.#....#. #.......###..####
........##. ##......####..##
..###....#.##...###.##.....##
....#..#.......## #....###..#


You could see Natasha and 2 cerulean imps.

Vanquished Creatures
  Sigmund (D:3)
  A black bear (D:4)
  A hound (D:3)
  A jelly (D:4)
  Jessica (D:3)
  Natasha (twice) (D:4)
  4 adders
  An ufetubus (D:4)
  5 worms
  3 dart slugs
  8 endoplasms
  4 giant cockroaches
  7 goblins
  10 hobgoblins
  14 kobolds
  A quokka (D:2)
  3 ball pythons
  7 bats
  2 frilled lizards
  7 rats
83 creatures vanquished.

Notes
Turn   | Place    | Note
-------+----------+-------------------------------------------
     0 | D:1      | qw the Naga Hunter began the quest for the Orb.
     0 | D:1      | Reached XP level 1. HP: 19/19 MP: 1/1
     0 | D:1      | 0 ||| qw: Version: 0.2-a-29-g511e9b1
     0 | D:1      | 0 ||| qw: Game counter: 5552
     0 | D:1      | 0 ||| qw: Always use a shield: true
     0 | D:1      | 0 ||| qw: God list: Okawaru
     0 | D:1      | 0 ||| qw: Allow faded altars: false
     0 | D:1      | 0 ||| qw: Do Orc after D:15 true
     0 | D:1      | 0 ||| qw: Do second Lair branch before Depths: true
     0 | D:1      | 0 ||| qw: Lair rune preference: random
     0 | D:1      | 0 ||| qw: Plans: Normal
     0 | D:1      | 0 ||| PLANNING D:1-11
    15 | D:1      | 15 ||| INVOKING Spit Poison.
    58 | D:1      | 58 ||| INVOKING Spit Poison.
   158 | D:1      | 158 ||| INVOKING Spit Poison.
   162 | D:1      | Reached skill level 4 in Ranged Weapons
   162 | D:1      | Reached XP level 2. HP: 26/26 MP: 2/2
   211 | D:1      | 211 ||| INVOKING Spit Poison.
   212 | D:1      | 212 ||| INVOKING Spit Poison.
   226 | D:1      | 226 ||| INVOKING Spit Poison.
   255 | D:1      | 255 ||| INVOKING Spit Poison.
   286 | D:1      | 286 ||| INVOKING Spit Poison.
   344 | D:1      | 344 ||| INVOKING Spit Poison.
   391 | D:1      | 391 ||| INVOKING Spit Poison.
   392 | D:1      | Reached XP level 3. HP: 32/32 MP: 3/3
   394 | D:1      | Found a faded altar of an unknown god.
   645 | D:1      | 645 ||| UPGRADING to +0 helmet.
   650 | D:1      | 650 ||| READING scroll labelled KOEKHI GOEZAOMINE.
   651 | D:1      | 651 ||| READING scroll labelled CEECHEZX XOULA.
   652 | D:1      | 652 ||| READING 2 scrolls labelled VAODIY PIHEDIODOTI.
   653 | D:1      | 653 ||| READING scroll labelled KUELOCZEIHEMU.
   654 | D:1      | 654 ||| DRINKING 2 bubbling white potions.
   655 | D:1      | 655 ||| DROPPING scroll of butterflies.
   656 | D:1      | 656 ||| DROPPING potion of attraction.
   679 | D:2      | 679 ||| INVOKING Spit Poison.
   683 | D:2      | 683 ||| INVOKING Spit Poison.
   716 | D:2      | 716 ||| INVOKING Spit Poison.
   717 | D:2      | 717 ||| INVOKING Spit Poison.
   832 | D:2      | 832 ||| Stepping ~*~*~tactically~*~*~ (outnumbered).
   834 | D:2      | 834 ||| Stepping ~*~*~tactically~*~*~ (outnumbered).
   836 | D:2      | 836 ||| INVOKING Spit Poison.
   842 | D:2      | 842 ||| INVOKING Spit Poison.
   842 | D:2      | HP: 6/32 [hobgoblin/+0 hand axe (5)]
   916 | D:2      | 916 ||| INVOKING Spit Poison.
   970 | D:2      | 970 ||| INVOKING Spit Poison.
  1026 | D:2      | 1026 ||| INVOKING Spit Poison.
  1071 | D:2      | 1071 ||| INVOKING Spit Poison.
  1084 | D:2      | 1084 ||| INVOKING Spit Poison.
  1092 | D:2      | 1092 ||| INVOKING Spit Poison.
  1093 | D:2      | 1093 ||| INVOKING Spit Poison.
  1129 | D:2      | 1129 ||| INVOKING Spit Poison.
  1131 | D:2      | Reached skill level 5 in Ranged Weapons
  1131 | D:2      | Reached XP level 4. HP: 39/39 MP: 4/4
  1215 | D:2      | 1215 ||| INVOKING Spit Poison.
  1221 | D:2      | 1221 ||| INVOKING Spit Poison.
  1360 | D:2      | 1360 ||| INVOKING Spit Poison.
  1583 | D:2      | 1583 ||| INVOKING Spit Poison.
  1587 | D:2      | 1587 ||| INVOKING Spit Poison.
  1696 | D:2      | 1696 ||| READING 2 scrolls labelled ROXECZ ERE ZIL.
  1701 | D:2      | 1701 ||| READING 3 scrolls of identify.
  1701 | D:2      | 1701 ||| IDENTIFYING brown potion
  1702 | D:2      | 1702 ||| READING 2 scrolls of identify.
  1702 | D:2      | 1702 ||| IDENTIFYING sedimented grey potion
  1703 | D:2      | 1703 ||| DROPPING potion of enlightenment.
  1704 | D:2      | 1704 ||| DROPPING potion of lignification.
  1726 | D:3      | 1726 ||| INVOKING Spit Poison.
  1742 | D:3      | 1742 ||| INVOKING Spit Poison.
  1821 | D:3      | Found a runed translucent door.
  1822 | D:3      | Noticed Crazy Yiuf
  1920 | D:3      | 1920 ||| INVOKING Spit Poison.
  1921 | D:3      | 1921 ||| INVOKING Spit Poison.
  1970 | D:3      | Noticed Jessica
  1972 | D:3      | 1972 ||| INVOKING Spit Poison.
  1973 | D:3      | Killed Jessica
  1974 | D:3      | Reached skill level 3 in Fighting
  2037 | D:3      | 2037 ||| INVOKING Spit Poison.
  2044 | D:3      | 2044 ||| INVOKING Spit Poison.
  2093 | D:3      | 2093 ||| INVOKING Spit Poison.
  2110 | D:3      | Found Cat Fonn's Assorted Antiques.
  2113 | D:3      | 2113 ||| INVOKING Spit Poison.
  2120 | D:3      | 2120 ||| BUYING scroll labelled ENUTHR XIZIEH (22 gold).
  2120 | D:3      | Bought a scroll labelled ENUTHR XIZIEH for 22 gold pieces
  2120 | D:3      | 2120 ||| BUYING scroll labelled MUAD ULOACUM (22 gold).
  2120 | D:3      | Bought a scroll labelled MUAD ULOACUM for 22 gold pieces
  2120 | D:3      | 2120 ||| BUYING scroll labelled QIKIHAOLIA (22 gold).
  2120 | D:3      | Bought a scroll labelled QIKIHAOLIA for 22 gold pieces
  2120 | D:3      | 2120 ||| SHOPLISTING scroll of identify (44 gold, have 41).
  2120 | D:3      | 2120 ||| SHOPLISTING scroll of teleportation (66 gold, have
                  | 41).
  2127 | D:3      | Noticed Sigmund
  2129 | D:3      | 2129 ||| INVOKING Spit Poison.
  2165 | D:3      | 2165 ||| FLEEEEING.
  2166 | D:3      | 2166 ||| FLEEEEING.
  2166 | D:3      | HP: 7/42 [Sigmund/puff of flame (8)]
  2167 | D:3      | 2167 ||| FLEEEEING.
  2168 | D:3      | 2168 ||| READING scroll of teleportation.
  2169 | D:3      | 2169 ||| INVOKING Spit Poison.
  2176 | D:3      | 2176 ||| INVOKING Spit Poison.
  2176 | D:3      | Killed Sigmund
  2177 | D:3      | Reached skill level 6 in Ranged Weapons
  2177 | D:3      | Reached XP level 5. HP: 8/49 MP: 5/5
  2177 | D:3      | Reached XP level 6. HP: 9/56 MP: 6/6
  2476 | D:3      | 2476 ||| INVOKING Spit Poison.
  2501 | D:3      | 2501 ||| INVOKING Spit Poison.
  2548 | D:3      | 2548 ||| INVOKING Spit Poison.
  2614 | D:3      | 2614 ||| INVOKING Spit Poison.
  2621 | D:3      | 2621 ||| INVOKING Spit Poison.
  2661 | D:3      | 2661 ||| INVOKING Spit Poison.
  2664 | D:3      | 2664 ||| INVOKING Spit Poison.
  2698 | D:3      | 2698 ||| INVOKING Spit Poison.
  2713 | D:3      | 2713 ||| INVOKING Spit Poison.
  2724 | D:3      | 2724 ||| INVOKING Spit Poison.
  3123 | D:3      | 3123 ||| READING scroll labelled ENUTHR XIZIEH.
  3124 | D:3      | 3124 ||| READING scroll labelled CIRHYAROANT.
  3125 | D:3      | 3125 ||| READING scroll labelled MUAD ULOACUM.
  3126 | D:3      | 3126 ||| READING scroll labelled QIKIHAOLIA.
  3142 | D:4      | 3142 ||| INVOKING Spit Poison.
  3286 | D:4      | 3286 ||| INVOKING Spit Poison.
  3308 | D:4      | Noticed Natasha
  3310 | D:4      | 3310 ||| INVOKING Spit Poison.
  3315 | D:4      | Killed Natasha
  3333 | D:4      | 3333 ||| INVOKING Spit Poison.
  3381 | D:4      | Found Isaogh's Armour Emporium.
  3390 | D:4      | 3390 ||| SHOPLISTING +2 pair of gloves (198 gold, have
                  | 149).
  3390 | D:4      | 3390 ||| SHOPLISTING +3 leather armour (228 gold, have
                  | 149).
  3390 | D:4      | 3390 ||| BUYING scarf of repulsion (144 gold).
  3390 | D:4      | Bought a scarf of repulsion for 144 gold pieces
  3462 | D:4      | Noticed Natasha
  3463 | D:4      | 3463 ||| INVOKING Spit Poison.
  3464 | D:4      | Killed Natasha
  3465 | D:4      | Noticed a black bear
  3465 | D:4      | Noticed Natasha
  3468 | D:4      | 3468 ||| Stepping ~*~*~tactically~*~*~ (outnumbered).
  3470 | D:4      | 3470 ||| INVOKING Spit Poison.
  3475 | D:4      | Killed a black bear
  3476 | D:4      | Reached XP level 7. HP: 27/64 MP: 7/7
  3476 | D:4      | 3476 ||| INVOKING Spit Poison.
  3477 | D:4      | HP: 15/64 [cerulean imp/+0 spear[Natasha] (5)]
  3480 | D:4      | HP: 5/64 [cerulean imp/+0 spear[Natasha] (3)]
  3480 | D:4      | HP: 2/64 [Natasha/magic dart (2)]
  3481 | D:4      | 3481 ||| INVOKING Spit Poison.
  3481 | D:4      | Slain by a cerulean imp

Levels and vault maps discovered:
D:1:      spicycebolla_arrival_risky_transporter, layout_basic,
          shapermc_ecumenical_altar_pompeii, amcnicky_mini_rare_corridor_liquid,
          hangedman_decor_growths
D:2:      layout_loops_corners, minmay_unequal
D:3:      kb_forest_paths, layout_loops_corners, serial_shops, shop_fountains,
          nrook_mini_backslash, minivault_24, minivault_24,
          uniq_crazy_yiuf_cottage, uniq_jessica, uniq_sigmund
D:4:      layout_rooms, serial_shops, shop, st_stairs_12,
          dreamdust_princess_corridor, uniq_natasha

Skill      XL: |  1  2  3  4  5  6 |
---------------+-------------------+-----
Ranged Weapons | 4 5 6 |  6.8
Fighting       | 3 4 |  4.0
Dodging        | 2 |  2.0
Stealth        | |  1.5

Action                     |  1- 3 |  4- 6 |  7- 9 || total
---------------------------+-------+-------+-------++-------
   Fire: Shortbow          |    68 |    97 |     4 ||   169
Ability: Spit Poison       |    21 |    32 |     2 ||    55
    Use: Scroll            |     4 |     8 |       ||    12
         Potion            |     1 |       |       ||     1
 Armour: Leather armour    |    14 |    15 |     1 ||    30
  Dodge: Dodged            |    15 |    29 |    12 ||    56

Table legend:
 A = Non-vault XP
 B = Vault XP
 C = Vault XP percentage of total XP
 D = Non-vault monster count
 E = Vault monster count
 F = Vault count percentage of total count
                 A         B        C        D         E       F
            +---------+---------+-------+---------+---------+-------
      Total |     407 |     333 |  45.0 |      68 |      15 |  18.1
            +---------+---------+-------+---------+---------+-------
        D:1 |      36 |       0 |   0.0 |      24 |       0 |   0.0
        D:2 |      54 |      11 |  16.9 |      19 |       5 |  20.8
        D:3 |      97 |     284 |  74.5 |      16 |       8 |  33.3
        D:4 |     220 |      38 |  14.7 |       9 |       2 |  18.2
            +---------+---------+-------+---------+---------+-------
